 Dungeon Crawl Stone Soup version 0.28.0-43-g3370ac3207 (webtiles) character file.

Game seed: 5619518322286675384

336 Peloso the Slasher (level 6, -3/55 HPs)
             Began as a Minotaur Fighter on Mar 27, 2022.
             Slain by a water moccasin (8 damage)
             ... on level 4 of the Dungeon.
             The game lasted 00:04:50 (3507 turns).

Peloso the Slasher (Minotaur Fighter)               Turns: 3507, Time: 00:04:51

Health: -3/55      AC:  7    Str: 21    XL:     6   Next: 28%
Magic:  5/5        EV: 10    Int:  5    God:
Gold:   234        SH:  5    Dex: 11    Spells: 5/5 levels left

rFire   . . .      SeeInvis .   a - +0 long sword
rCold   . . .      Faith    .   c - +0 buckler
rNeg    . . .      Spirit   .   b - +0 scale mail
rPois   .          Reflect  .   (helmet restricted)
rElec   .          Harm     .   (no cloak)
rCorr   .          Rampage  .   (no gloves)
Will    .....                   (no boots)
Stlth   ..........              (no amulet)
HPRegen 0.18/turn               (no ring)
MPRegen 0.09/turn               (no ring)

@: lethally poisoned (-3 -> -11)
A: horns 2, retaliatory headbutt
a: no special abilities


You were on level 4 of the Dungeon.
You visited 1 branch of the dungeon, and saw 4 of its levels.
You also visited: Sewer.

You collected 234 gold pieces.

Inventory:

Hand Weapons
 a - a +0 long sword (weapon)
Armour
 b - a +0 scale mail (worn)
 c - a +0 buckler (worn)
Jewellery
 n - a ring of positive energy
 o - a ring of magical power
Scrolls
 f - 2 scrolls of fear {unknown}
 g - 2 scrolls of enchant weapon {unknown}
 h - 4 scrolls of torment {unknown}
 k - 2 scrolls of summoning {unknown}
 l - 4 scrolls of identify {unknown}
 q - a scroll of holy word {unknown}
 r - a scroll of magic mapping {unknown}
 s - a scroll of blinking {unknown}
Potions
 d - 2 potions of might
 e - a potion of magic {unknown}
 i - 2 potions of curing {unknown}
 j - a potion of heal wounds {unknown}
 m - a potion of lignification {unknown}
 p - a potion of flight {unknown}


   Skills:
 + Level 4.9 Fighting
 + Level 5.2 Long Blades
 + Level 5.1 Armour
 + Level 1.7 Dodging
 + Level 4.5 Shields


You had 5 spell levels left.
You didn't know any spells.
Your spell library contained the following spells:

 Spells                   Type           Power      Damage    Failure   Level
 Foxfire                  Conj/Fire      0%         2x1d4     87%         1
 Conjure Flame            Conj/Fire      0%         6-21      99%         3
 Inner Flame              Hex/Fire       0%         N/A       99%         3
 Flame Wave               Conj/Fire      0%         2d4       100%        4


Dungeon Overview and Level Annotations

Branches:
Dungeon (4/15)              Sewer (visited)
 Temple: D:4-7

Altars:
Dithmenos
Elyvilon
Gozag
Kikubaaqudgha

Shops:
D:3 [!![(


Innate Abilities, Weirdness & Mutations

You have a pair of horns on your head.
You reflexively headbutt those who attack you in melee.


Message History

You barely miss the water moccasin. You headbutt the water moccasin.
The water moccasin is lightly wounded.
You feel very sick. The water moccasin barely misses you.
You furiously retaliate!
You headbutt the water moccasin. You hit the water moccasin.
The water moccasin is moderately wounded.
You feel very sick. The water moccasin bites you.
You are more poisoned.
The water moccasin poisons you! The water moccasin bites you!
You are lethally poisoned!
The water moccasin poisons you!
You miss the water moccasin.
The water moccasin is moderately wounded.
You feel extremely sick.
The water moccasin bites you but does no damage.
Unknown command.
You slash the water moccasin!
The water moccasin is severely wounded.
* * * LOW HITPOINT WARNING * * *
You feel extremely sick. You block the water moccasin's attack.
The water moccasin closely misses you.
You miss the water moccasin.
The water moccasin is severely wounded.
* * * LOW HITPOINT WARNING * * *
You feel very sick.
The water moccasin bites you but does no damage.
The water moccasin completely misses you.
You miss the water moccasin.
The water moccasin is severely wounded.
* * * LOW HITPOINT WARNING * * *
You feel very sick. The water moccasin barely misses you.
You closely miss the water moccasin.
The water moccasin is severely wounded.
* * * LOW HITPOINT WARNING * * *
You feel very sick. The water moccasin bites you!
You die...

........<# #..)..#
#.......####.!...#
##........##.....#
####.###.....^..####.
#. ###.#.........
##.# #..)..#####.
#.... #......#
#.....##......#
#.....S@........#
#.....###.....###
#.... #.....# #...
#.....# #). ......#
#. .(...... # .......


You could see a water moccasin.

Vanquished Creatures
  A water moccasin (Sewer)
  An orc priest (D:3)
  An orc wizard (D:3)
  4 adders (D:3)
  3 gnolls (D:2)
  A river rat (D:3)
  4 worms
  2 dart slugs (D:1)
  5 orcs (D:3)
  6 endoplasms
  2 giant cockroaches (D:3)
  4 goblins (D:3)
  3 hobgoblins
  14 jackals
  7 kobolds
  5 quokkas
  5 ball pythons
  2 bats
  A frilled lizard (D:1)
  7 rats
78 creatures vanquished.

Notes
Turn   | Place    | Note
-------+----------+-------------------------------------------
     0 | D:1      | Peloso the Minotaur Fighter began the quest for the Orb.
     0 | D:1      | Reached XP level 1. HP: 19/19 MP: 0/0
    24 | D:1      | Found a faded altar of an unknown god.
   377 | D:1      | Reached XP level 2. HP: 27/27 MP: 1/1
  1195 | D:2      | Reached XP level 3. HP: 31/33 MP: 2/2
  1542 | D:3      | Found Nusear's Armour Boutique.
  1548 | D:3      | Reached XP level 4. HP: 40/40 MP: 3/3
  1567 | D:3      | Found an ancient bone altar of Kikubaaqudgha.
  1596 | D:3      | Found a shadowy altar of Dithmenos.
  1606 | D:3      | Found a glowing drain.
  1632 | Sewer    | Entered a sewer
  1874 | Sewer    | Noticed a water moccasin
  1882 | Sewer    | Killed a water moccasin
  1883 | Sewer    | Reached skill level 1 in Dodging
  1883 | Sewer    | Reached XP level 5. HP: 18/47 MP: 4/4
  2360 | D:3      | Found a white marble altar of Elyvilon.
  2392 | D:3      | Found Foenk's Distillery.
  2436 | D:3      | Reached skill level 5 in Long Blades
  2439 | D:3      | Reached skill level 5 in Armour
  2448 | D:3      | Reached XP level 6. HP: 14/55 MP: 5/5
  2692 | D:3      | Found an opulent altar of Gozag.
  2717 | D:3      | Found Qerig's Weapon Boutique.
  2843 | D:3      | Found Folyto's Distillery.
  3027 | D:3      | Found Pairch's Armour Boutique.
  3495 | D:4      | Noticed a water moccasin
  3507 | D:4      | Slain by a water moccasin

Illustrated notes

Levels and vault maps discovered:
D:1:      minmay_arrival_hallway, layout_basic,
          ebering_ecumenical_altar_abandoned
D:2:      layout_basic
D:3:      layout_basic, mainiacjoe_overflow_alcove_2, elyvilon_altar_4,
          kiku_gazebo_pond_becter, mainiacjoe_overflow_chevrons,
          portal_sewer_entry_a, serial_shops, shop_statue,
          nicolae_shop_hallway_stairs, shop, nicolae_shop_crystal, shop,
          minmay_joined_circles
D:4:      layout_rooms, nicolae_wooded_promenade

Skill      XL: |  1  2  3  4  5 |
---------------+----------------+-----
Shields        | 4 |  4.5
Fighting       | 4 |  4.9
Armour         | 4 5 |  5.1
Long Blades    | 3 4 5 |  5.2
Dodging        | 1 |  1.7

Action                   |  1- 3 |  4- 6 || total
-------------------------+-------+-------++-------
Melee: Long sword        |    61 |   115 ||   176
       Headbutt          |     4 |    17 ||    21
  Use: Potion            |       |     1 ||     1
Armor: Scale mail        |    39 |    48 ||    87
Dodge: Dodged            |    36 |    64 ||   100
Block: Buckler           |    13 |    26 ||    39
